 Dungeon Crawl Stone Soup version 0.21-a0-47-g7c8f537 (webtiles) character file.

232 Duffy the Magician (level 5, 0/28 HPs)
             Began as a Deep Elf Fire Elementalist on June 8, 2017.
             Was an Initiate of Sif Muna.
             Slain by Duffy's ghost (5 damage)
             ... in a sewer.
             The game lasted 00:05:51 (3887 turns).

Duffy the Magician (Deep Elf Fire Elementalist)     Turns: 3887, Time: 00:05:51

Health: 0/28       AC:  2    Str:  7    XL:     5   Next: 73%
Magic:  20/23      EV: 13    Int: 21    God:    Sif Muna [......]
Gold:   175        SH:  0    Dex: 15    Spells: 0/13 levels left

rFire    . . .     SeeInvis .   e - +0 spear
rCold    . . .     Gourm    .   (no shield)
rNeg     . . .     Faith    +   a - +0 robe
rPois    .         Spirit   .   (no helmet)
rElec    .         Reflect  .   (no cloak)
rCorr    .         Harm     .   (no gloves)
MR       .....                  (no boots)
Stlth    +.........             g - amulet of faith
Regen    0.1/turn               p - +2 ring of strength
MPRegen  0.2/turn               u - ring of magical power

@: lethally poisoned (0 -> -24), hasted, slow
A: no striking features
a: Renounce Religion


You were in a sewer.
You worshipped Sif Muna.
Sif Muna was noncommittal.
You were not hungry.

You visited 1 branch of the dungeon, and saw 4 of its levels.
You also visited: Sewer.

You collected 175 gold pieces.

Inventory:

Hand Weapons
 e - a +0 spear (weapon)
Armour
 a - a +0 robe (worn)
 x - a +0 buckler
Jewellery
 g - an amulet of faith (around neck)
 p - a +2 ring of strength (left hand)
 u - a ring of magical power (right hand)
Scrolls
 d - 3 scrolls of recharging
 f - a scroll of teleportation {unknown}
 i - a scroll of remove curse
 m - a scroll of noise {unknown}
 v - a scroll of magic mapping {unknown}
 w - a scroll of immolation {unknown}
 y - a scroll of amnesia
Potions
 j - a potion of ambrosia {unknown}
 k - a potion of haste
 n - 2 potions of heal wounds {unknown}
 o - a potion of flight {unknown}
 q - a potion of degeneration {unknown}
 r - a potion of cancellation {unknown}
 t - a potion of agility {unknown}
Books
 b - a book of Flames

   Spells                             Type                      Level
   a - Flame Tongue                   Conjuration/Fire             1
   b - Throw Flame                    Conjuration/Fire             2
   c - Conjure Flame                  Conjuration/Fire             3
   d - Inner Flame                    Hexes/Fire                   3
   e - Sticky Flame                   Conjuration/Fire             4
   f - Fireball                       Conjuration/Fire             5
Comestibles
 c - 4 bread rations
 s - 2 meat rations
 z - 2 fruits
 A - 2 royal jellies


   Skills:
 - Level 2.4 Dodging
 - Level 2.4 Stealth
 + Level 4.8 Spellcasting
 * Level 4.5 Conjurations
 + Level 4.4 Fire Magic


You couldn't memorise any spells.
You knew the following spells:

 Your Spells              Type           Power        Failure   Level  Hunger
a - Flame Tongue          Conj/Fire      ###..        1%          1    None
c - Conjure Flame         Conj/Fire      ###.....     5%          3    ##.....
k - Fireball              Conj/Fire      ###.......   43%         5    #####..
s - Sticky Flame          Conj/Fire      ###.....     17%         4    ####...


Dungeon Overview and Level Annotations

Branches:
Dungeon (4/15)
 Temple: D:4-7

Altars:
Hepliaklqana
Nemelex Xobeh
Okawaru
Sif Muna
Yredelemnul

Annotations:
Sewer Duffy's ghost, amateur CeGl


Message History

Aiming: Flame Tongue
Press: ? - help, Shift-Dir - straight line, f/p - Duffy's ghost
Aim: Duffy's ghost, wielding a weapon of venom (steam, moderately damaged)
The flame tongue hits Duffy's ghost.
Duffy's ghost is heavily damaged.
You feel sick.
Duffy's ghost is engulfed in a cloud of scalding steam.
Duffy's ghost hits you.
You are more poisoned.
You feel better.
Duffy's ghost is engulfed in a cloud of scalding steam.
Duffy's ghost hits you.
You are poisoned.
You feel yourself speed up.
You feel sick.
Duffy's ghost is engulfed in a cloud of scalding steam.
Duffy's ghost hits you!
You are more poisoned.
You feel very sick. Duffy's ghost hits you.
You die...

~. #~# #~# #~# #~# #
##~## #.. ##.~.##
..~..####..~W~#####~.
.~...S~~K..\.@~~~~~~~
.....####.\~~.#####.?
#~~ ##.~~## # ##~##
#~# #~# #~# ... ..


You could see Duffy's ghost and a kobold.

Vanquished Creatures
  A scorpion (D:4)
  2 iguanas (D:4)
  A worker ant (D:4)
  2 adders
  A gnoll (D:1)
  2 worms (D:4)
  2 dart slugs (D:1)
  2 leopard geckos
  2 orcs
  4 giant cockroaches
  10 goblins
  6 hobgoblins
  5 jackals
  2 quokkas (D:3)
  9 bats
  3 frilled lizards
  2 kobolds
  12 rats
68 creatures vanquished.

Notes
Turn   | Place    | Note
-------+----------+-------------------------------------------
     0 | D:1      | Duffy the Deep Elf Fire Elementalist began the quest for the Orb.
     0 | D:1      | Reached XP level 1. HP: 10/10 MP: 6/6
    36 | D:1      | Reached XP level 2. HP: 15/15 MP: 4/8
   788 | D:1      | Reached XP level 3. HP: 5/19 MP: 1/9
  1028 | D:1      | Learned a level 3 spell: Conjure Flame
  2379 | D:3      | Reached XP level 4. HP: 24/24 MP: 9/11
  2385 | D:3      | Learned a level 4 spell: Sticky Flame
  2401 | D:3      | Found a hazy altar of Hepliaklqana.
  2677 | D:3      | Found a deep blue altar of Sif Muna.
  2677 | D:3      | Found a basalt altar of Yredelemnul.
  2730 | D:3      | Became a worshipper of Sif Muna the Loreminder
  2994 | D:3      | Found a sparkling altar of Nemelex Xobeh.
  3096 | D:3      | Found an iron altar of Okawaru.
  3448 | D:4      | Reached XP level 5. HP: 28/28 MP: 13/13
  3642 | D:4      | Learned a level 5 spell: Fireball
  3773 | D:4      | Found a glowing drain.
  3811 | Sewer    | Entered a sewer
  3876 | Sewer    | Noticed Duffy's ghost (amateur CeGl)
  3887 | Sewer    | Slain by Duffy's ghost

Vault maps used:
D:1:      sevenhm_arrival_forest_fort_small_6, nrook_mini_backslash
D:2:      cheibrodos_helix_gallery, first_bread
D:3:      lemuel_round_altar, marbit_many_paths,
          gammafunk_temple_overflow_pools, nemelex_xobeh_ov_fountains_minmay
D:4:      cheibrodos_sewer_entry_bend, uniq_duvessa
Sewer:    sewer_co_15_rooms

Skill      XL: |  1  2  3  4 |
---------------+-------------+-----
Conjurations   | 2 3 4 |  4.5
Spellcasting   | 4 |  4.8
Fire Magic     | 4 |  4.4
Dodging        | |  2.4
Stealth        | |  2.4

Action                   |  1- 3 |  4- 6 || total
-------------------------+-------+-------++-------
 Cast: Flame Tongue      |    66 |    57 ||   123
       Conjure Flame     |       |     2 ||     2
       Sticky Flame      |       |     2 ||     2
  Use: Scroll            |     3 |     2 ||     5
       Potion            |       |     2 ||     2
  Eat: Chunk             |     4 |     5 ||     9
Armor: Robe              |       |     1 ||     1
Dodge: Dodged            |    19 |     8 ||    27
